 Dungeon Crawl Stone Soup version 0.30.1-11-g7821555f0a (webtiles) character file.

Game seed: 6987332096346513033

2062 hawla the Conjurer (level 9, 0/106 HPs)
             Began as a Red Draconian Conjurer on Jan 11, 2024.
             Was an Initiate of Vehumet.
             Slain by a boulder beetle (13 damage)
             ... on level 7 of the Dungeon.
             The game lasted 00:21:02 (7697 turns).

hawla the Conjurer (Red Draconian Conjurer)         Turns: 7697, Time: 00:21:03

Health: 0/106      AC: 24    Str: 10    XL:     9   Next: 5%
Magic:  1/14       EV:  2    Int: 22    God:    Vehumet [......]
Gold:   339        SH:  0    Dex: 10    Spells: 8/15 levels left

rFire   . . .        n - +1 quarterstaff (flame)
rCold   . . .        (shield currently unavailable)
rNeg    . . .        (body armour unavailable)
rPois   +            (helmet currently unavailable)
rElec   +            (cloak currently unavailable)
rCorr   +            o - melded +2 pair of gloves
SInv    .            v - melded +1 pair of boots
Will    .....        (no amulet)
Stlth   ++           t - ring of the Devil's Advocate {rElec Will- rCorr Slay+4}
HPRegen 0.37/turn    s - ring of willpower
MPRegen 0.14/turn

%: no passive effects
@: tree-form, studying Dodging
A: stationary, stasis, torment immunity, boosted hp, (breathe fire), AC +7,
unfitting armour, (fire resistance 1), (cold-blooded)
a: Renounce Religion


You were on level 7 of the Dungeon.
You worshipped Vehumet.
Vehumet was noncommittal.
You were a tree.
You visited 2 branches of the dungeon, and saw 8 of its levels.

You collected 339 gold pieces.

Inventory:

Hand Weapons
 n - a +1 quarterstaff of flaming (weapon)
Armour
 o - a +2 pair of gloves (melded)
 v - a +1 pair of boots (melded)
Magical Staves
 l - a staff of earth
Jewellery
 r - a ring of flight
 s - a ring of willpower (right branch)
 t - the ring of the Devil's Advocate (left branch) {rElec Will- rCorr Slay+4}
   (You took it off a hobgoblin on level 4 of the Dungeon)

   [ring of slaying]

   Slay:      It affects your accuracy & damage with ranged weapons and melee
   (+4).
   rElec:     It insulates you from electricity.
   rCorr:     It protects you from acid and corrosion.
   Will:      It decreases your willpower.
Wands
 f - a wand of acid (5) (quivered)
 u - a wand of iceblast (11)
Scrolls
 b - a scroll of magic mapping
 g - 5 scrolls of teleportation
 h - 2 scrolls of fog
 j - 2 scrolls of blinking
 m - 2 scrolls of identify
Potions
 a - a potion of lignification
 c - 4 potions of curing
 e - 3 potions of resistance
 i - a potion of berserk rage {unknown}
 k - 2 potions of magic
 p - a potion of attraction
 q - a potion of cancellation {unknown}


   Skills:
 + Level 4.0 Fighting
 + Level 5.3 Staves
 + Level 4.4 Dodging
 + Level 4.2 Stealth
 + Level 3.5 Spellcasting
 + Level 5.6 Conjurations
 + Level 2.8 Translocations
 + Level 3.0 Earth Magic
 + Level 3.0 Evocations


You had 8 spell levels left.
You knew the following spells:

 Your Spells              Type           Power      Damage    Failure   Level
a - Magic Dart            Conj           100%       1d8       1%          1
b - Searing Ray           Conj           56%        2d6       1%          2
c - Iskenderun's Mystic   Conj/Tloc      22%        2d6       21%         4

Your spell library contained the following spells:

 Spells                   Type           Power      Damage    Failure   Level
 Passwall                 Tmut/Erth      8%         N/A       10%         2
 Dazzling Flash           Conj/Hex       32%        N/A       11%         3
 Ensorcelled Hibernation  Hex/Ice        6%         N/A       19%         2
 Swiftness                Air            3%         N/A       34%         3
 Fulminant Prism          Conj/Hex       8%         3d6       36%         4


Dungeon Overview and Level Annotations

Branches:
Dungeon (7/15)             Temple (1/1) D:7

Altars:
Ashenzari
Cheibriados
Dithmenos
Elyvilon
Fedhas
Gozag
Hepliaklqana
Kikubaaqudgha
Makhleb
Nemelex Xobeh
Okawaru
Qazlal
Ru
Sif Muna
Trog
Uskayaw
Vehumet
Wu Jian
Xom
Yredelemnul
Zin
The Shining One


Innate Abilities, Weirdness & Mutations

You are a tree.
Your roots penetrate the ground, keeping you stationary.
You cannot be teleported.
You are immune to unholy pain and torment.
Your maximum health is greatly increased.
Your equipment is partially melded.
((You can breathe blasts of fire.))
((Your fiery red scales are hard. (AC +7)))
You cannot fit into any form of body armour.
((Your flesh is heat resistant. (rF+)))
((You are cold-blooded and may be slowed by cold attacks.))


Message History

The boulder beetle is moderately wounded.
The boulder beetle bites you.
* * * LOW HITPOINT WARNING * * *
Casting: Iskenderun's Mystic Blast (dangerous; 21% risk of failure)
Confirm with . or Enter, or press ? or * to list all spells.
Aiming: Searing Ray (safe; 1% risk of failure)
Press: ? - help, Shift-Dir - straight line, f/p - boulder beetle
Aim: a boulder beetle (moderately wounded, 100% to hit)
The searing ray hits the boulder beetle but does no damage.
The boulder beetle is moderately wounded. (Press . to maintain the ray.)
The boulder beetle bites you.
* * * LOW HITPOINT WARNING * * *
The searing ray hits the boulder beetle but does no damage.
The boulder beetle is moderately wounded.
The boulder beetle bites you but does no damage.
You hit the boulder beetle. You burn the boulder beetle.
The boulder beetle is moderately wounded.
The boulder beetle bites you but does no damage.
You completely miss the boulder beetle.
The boulder beetle is moderately wounded.
The boulder beetle bites you but does no damage.
You hit the boulder beetle. You burn the boulder beetle.
The boulder beetle is heavily wounded.
The boulder beetle bites you but does no damage.
You sock the boulder beetle! You burn the boulder beetle.
The boulder beetle is severely wounded.
The boulder beetle bites you but does no damage.
You hit the boulder beetle but do no damage.
The boulder beetle is heavily wounded.
The boulder beetle bites you.
* * * LOW HITPOINT WARNING * * *
Your magical contamination has completely faded away.
You hit the boulder beetle but do no damage.
The boulder beetle is heavily wounded.
The boulder beetle bites you but does no damage.
You hit the boulder beetle. You burn the boulder beetle.
The boulder beetle is severely wounded.
The boulder beetle bites you!
You die...

....##......##
....#........##
..............#
..............#
..............#
..............#
..####.##...........#
................B...##
.....#.####....♣....##
........####..........#
...........#..........#
.#.........#........<.#
#.........#..........#
#..............[....#
#####..<.##........## #
#...#####......##
######.#...####.#####


You could see a boulder beetle.

Vanquished Creatures
  A steam dragon (D:7)
  A water moccasin (D:7)
  3 black bears
  An ogre (D:4)
  2 centaurs
  2 phantoms
  2 bullfrogs
  3 wights (D:6)
  A killer bee (D:7)
  3 howler monkeys (D:7)
  6 hounds
  2 orc priests (D:6)
  3 gnoll boudas
  Jessica (D:3)
  An iguana (D:7)
  An orc wizard (D:6)
  10 gnolls
  9 adders
  A shadow imp (D:7)
  A white imp (D:5)
  3 ufetubi
  4 worms
  4 dart slugs
  13 orcs
  12 ball pythons
  6 endoplasms
  7 giant cockroaches
  3 goblins
  5 hobgoblins
  3 jackals (D:2)
  8 kobolds
  2 quokkas
  2 bats
  3 frilled lizards
  6 rats
135 creatures vanquished.

Vanquished Creatures (others)
  2 gnolls (D:6)
2 creatures vanquished.

Grand Total: 137 creatures vanquished

Notes
Turn   | Place    | Note
-------+----------+-------------------------------------------
     0 | D:1      | hawla the Draconian Conjurer began the quest for the Orb.
     0 | D:1      | Reached XP level 1. HP: 14/14 MP: 3/3
   231 | D:1      | Reached XP level 2. HP: 20/20 MP: 0/5
   292 | D:1      | Learned a level 2 spell: Searing Ray
  1130 | D:1      | Reached XP level 3. HP: 18/26 MP: 6/6
  1500 | D:2      | Reached skill level 5 in Conjurations
  1724 | D:2      | Reached XP level 4. HP: 30/33 MP: 4/7
  1729 | D:2      | Learned a level 4 spell: Iskenderun's Mystic Blast
  1968 | D:2      | Reached skill level 1 in Translocations
  2374 | D:3      | Noticed Jessica
  2377 | D:3      | Killed Jessica
  2770 | D:3      | Reached XP level 5. HP: 37/39 MP: 2/8
  3391 | D:3      | Found a shimmering altar of Xom.
  3706 | D:4      | Noticed an ogre
  3712 | D:4      | Killed an ogre
  3713 | D:4      | Reached XP level 6. HP: 17/46 MP: 1/9
  4467 | D:4      | Identified the ring of the Devil's Advocate {rElec Will-
                  | rCorr Slay+4}
  4555 | D:5      | Entered Level 5 of the Dungeon
  4589 | D:5      | Reached skill level 1 in Fighting
  4634 | D:5      | Reached skill level 1 in Staves
  4688 | D:5      | Identified the +3 sling of the Onslaught {drain, rElec
                  | Will+ Int-2 Dex+2}
  4901 | D:5      | Found an ornate altar of the Wu Jian Council.
  4923 | D:5      | Your scales start taking on a fiery red colour.
  4923 | D:5      | Reached XP level 7. HP: 52/52 MP: 1/11
  4923 | D:5      | Gained mutation: Your flesh is heat resistant. (rF+) [Red
                  | Draconian growth]
  5697 | D:6      | Found a radiant altar of Vehumet.
  5697 | D:6      | Found a broken altar of Ashenzari.
  5741 | D:6      | Reached XP level 8. HP: 62/62 MP: 4/12
  6344 | D:6      | Reached skill level 1 in Earth Magic
  7139 | D:7      | Reached skill level 5 in Staves
  7166 | D:7      | Reached XP level 9. HP: 38/71 MP: 3/14
  7273 | D:7      | Noticed a boulder beetle
  7276 | D:7      | Found a staircase to the Ecumenical Temple.
  7308 | Temple   | Entered the Ecumenical Temple
  7527 | D:6      | Became a worshipper of Vehumet
  7697 | D:7      | Slain by a boulder beetle

Illustrated notes

Levels and vault maps discovered:
D:1:      wander_arrival_lonely_grave, layout_basic, roderic_lattice_a
D:2:      layout_rooms
D:3:      layout_basic, xom_butterflies, uniq_jessica
D:4:      layout_basic
D:5:      layout_basic, nicolae_wu_jian_wuxing_cycle, kennysheep_generic_room_8
D:6:      layout_basic, gammafunk_temple_overflow_wave, grunt_ministairs_14
D:7:      layout_rooms, minmay_temple_entry_gardened_gates,
          minmay_manual_monstrance
Temple:   nicolae_temple_two_arcs

Skill      XL: |  1  2  3  4  5  6  7  8 |
---------------+-------------------------+-----
Stealth        | 2 3 4 |  4.2
Dodging        | 2 3 4 |  4.4
Conjurations   | 5 |  5.6
Translocations | 2 |  2.8
Evocations     | 2 3 |  3.0
Fighting       | 1 2 4 |  4.0
Staves         | 1 3 5 |  5.3
Spellcasting   | 3 |  3.5
Earth Magic    | 3 |  3.0

Action                     |  1- 3 |  4- 6 |  7- 9 || total
---------------------------+-------+-------+-------++-------
  Melee: Unarmed           |   112 |    79 |       ||   191
         Tailslap          |    20 |    16 |    15 ||    51
         Punch             |     1 |     1 |       ||     2
         Quarterstaff      |       |    55 |    88 ||   143
         Staff             |       |       |    20 ||    20
   Cast: Magic Dart        |    22 |    13 |     4 ||    39
         Searing Ray       |    13 |    28 |    18 ||    59
         Iskenderun's Myst |       |       |    11 ||    11
  Evoke: Wand              |       |       |     3 ||     3
    Use: Potion            |     1 |     1 |     3 ||     5
         Scroll            |       |    14 |     6 ||    20
   Stab: Sleeping          |     1 |     4 |     2 ||     7
         Distracted        |       |       |     1 ||     1
 Armour: Skin              |    43 |    59 |    71 ||   173
  Dodge: Dodged            |   100 |   111 |    88 ||   299
